 Dungeon Crawl Stone Soup version 0.19.1 (webtiles) character file.

326 Gargoyl the Skirmisher (level 6, -4/56 HPs)
             Began as a Ghoul Abyssal Knight on Dec 27, 2016.
             Was a Believer of Lugonu.
             Killed from afar by an orc wizard (9 damage)
             ... with a puff of flame
             ... on level 3 of the Dungeon.
             The game lasted 00:05:57 (2668 turns).

Gargoyl the Skirmisher (Ghoul Abyssal Knight)       Turns: 2668, Time: 00:05:58

Health: -4/56      AC:  6    Str: 16    XL:     6   Next: 49%
Magic:  6/6        EV:  7    Int:  7    God:    Lugonu [**....]
Gold:   116        SH:  0    Dex: 10    Spells: 0 memorised, 5 levels left

rFire  . . .     SeeInvis .     q - +0 hand axe (vamp)
rCold  + . .     Gourm    .     e - +0 scale mail
rNeg   + + +     Faith    .     h - +0 shield
rPois  ∞         Spirit   .     (no helmet)
rElec  .         Reflect  .     (no cloak)
rCorr  .         Harm     .     (no gloves)
MR     .....                    (no boots)
Stlth  ..........               (no amulet)
                                (no ring)
                                (no ring)

@: confused, rotting
A: rotting body, claws 1, carnivore 3, cold resistance 1, negative energy
resistance 3, slow regeneration 1, torment resistance, unbreathing
a: Depart the Abyss, Bend Space, Renounce Religion


You were on level 3 of the Dungeon.
You worshipped Lugonu.
Lugonu was pleased with you.
You were not hungry.

You visited 1 branch of the dungeon, and saw 3 of its levels.
You visited the Abyss 1 time.

You collected 116 gold pieces.

Inventory:

Hand Weapons
 a - a +1 hand axe
 d - a +0 triple crossbow
 f - a +0 war axe
 q - a +0 vampiric hand axe (weapon)
Armour
 b - a +0 leather armour
 e - a +0 scale mail (worn)
 h - a +0 shield (worn)
Scrolls
 k - 2 scrolls of remove curse {unknown}
 n - a scroll of noise {unknown}
 o - a scroll of enchant weapon {unknown}
 p - 2 scrolls of teleportation {unknown}
 t - a scroll of recharging {unknown}
Potions
 g - a potion of brilliance {unknown}
 l - a potion of agility {unknown}
 r - a potion of invisibility {unknown}
 u - a potion of cancellation {unknown}
Comestibles
 c - 3 meat rations
 j - a beef jerky
 m - a slice of pizza
 s - a royal jelly


   Skills:
 + Level 5.3 Fighting
 + Level 3.3 Axes
 * Level 3.0 Armour
 + Level 1.5 Dodging
 - Level 0.5 Stealth
 + Level 1.1 Shields
 * Level 2.6 Invocations


You had 5 spell levels left.
You didn't know any spells.

Dungeon Overview and Level Annotations

Branches:
Dungeon (3/15)

Altars:
Zin

Shops:
D:2 *


Innate Abilities, Weirdness & Mutations

Your body is rotting away.
You thrive on raw meat.
You are immune to poison.
You have sharp fingernails.
You are carnivorous and can eat meat at any time.
Your flesh is cold resistant. (rC+)
You are immune to negative energy. (rN+++)
You regenerate slowly when monsters are visible.
You are immune to unholy pain and torment.
You can survive without breathing.


Message History

The orc wizard points at you and mumbles some strange words.
The puff of flame hits you!
* * * LOW HITPOINT WARNING * * *
You hit the orc wizard.
The orc wizard is almost dead.
The orc wizard points at you and mumbles some strange words.
You are confused.
The orc wizard hits you but does no damage.
Okay, then.
Okay, then.
The orc wizard points at you and mumbles some strange words.
You resist with some effort. The orc wizard barely misses you.
You bump into the rock wall.
You closely miss the orc wizard.
The orc wizard is almost dead.
The orc wizard barely misses you.
The orc wizard gestures at you while chanting.
The puff of flame hits you!
You die...

... #.# #.###.#..#
#.##.###........# #
#......#(.......####....
#..#)#.#.###.#.......#
#....#.#.# #.#.#####.#
...#...)....# #.#...#
#.....)?)).# #.#.#.#
......#####o.# #.###.#
....#. #@.###.....#
..#.#. #.........## . .
. ......#####...# # #
####### #...# #...#
#...# ###.. .### .


You could see an orc wizard.

Vanquished Creatures
  An eye of draining (Abyss:2)
  An orc priest (D:3)
  Jessica (D:2)
  Ijyb (D:2)
  2 orc wizards (D:3)
  2 adders (D:2)
  A white imp (Abyss:2)
  3 leopard geckos
  10 orcs (D:3)
  A ball python (D:1)
  3 bats
  3 giant cockroaches
  6 goblins
  9 hobgoblins
  4 jackals (D:2)
  A quokka (D:2)
  10 frilled lizards
  5 kobolds
  11 rats
75 creatures vanquished.

Notes
Turn   | Place    | Note
-------+----------+-------------------------------------------
     0 | Abyss:1  | Gargoyl the Ghoul Abyssal Knight began the quest for the Orb.
     0 | Abyss:1  | Reached XP level 1. HP: 19/19 MP: 1/1
    33 | Abyss:2  | Found a corrupted altar of Lugonu.
    38 | Abyss:2  | Noticed an eye of draining
    46 | Abyss:2  | Reached XP level 2. HP: 3/26 MP: 0/2
    51 | Abyss:2  | Killed an eye of draining
    51 | Abyss:2  | Reached skill level 4 in Fighting
    51 | Abyss:2  | Reached XP level 3. HP: 4/35 MP: 1/3
    51 | Abyss:2  | Reached XP level 4. HP: 5/41 MP: 1/4
    92 | Abyss:2  | Noticed a spatial vortex
    92 | D:1      | Escaped the Abyss
   348 | D:1      | Reached skill level 5 in Fighting
   483 | D:1      | Reached * piety under Lugonu
   765 | D:1      | Reached XP level 5. HP: 48/48 MP: 5/5
  1298 | D:2      | Reached skill level 1 in Dodging
  1354 | D:2      | Found Zin's Purification Station.
  1357 | D:2      | Found a glowing silver altar of Zin.
  1361 | D:2      | Noticed Jessica
  1365 | D:2      | Killed Jessica
  1670 | D:2      | Reached skill level 1 in Shields
  1700 | D:2      | Noticed Ijyb
  1721 | D:2      | Reached ** piety under Lugonu
  1732 | D:2      | Killed Ijyb
  2050 | D:2      | Reached XP level 6. HP: 55/56 MP: 6/6
  2143 | D:3      | HP: 2/56 [spatial distortion (1)]
  2641 | D:3      | HP: 2/56 [something/magic dart (5)]
  2668 | D:3      | Killed from afar by an orc wizard

Skill      XL: |  1  2  3  4  5  6 |
---------------+-------------------+-----
Axes           | 2 3 |  3.3
Fighting       | 4 5 |  5.3
Armour         | 2 3 |  3.0
Dodging        | 1 |  1.5
Shields        | 1 |  1.1
Stealth        | |  0.5
Invocations    | |  2.6

Action                   |  1- 3 |  4- 6 || total
-------------------------+-------+-------++-------
Melee: Hand axe          |    12 |    62 ||    74
       War axe           |       |   274 ||   274
Invok: Depart the Abyss  |       |     1 ||     1
       Bend Space        |       |     1 ||     1
  Use: Potion            |     1 |     2 ||     3
  Eat: Chunk             |       |    36 ||    36
Armor: Leather armour    |     3 |       ||     3
       Scale mail        |       |   180 ||   180
Dodge: Dodged            |     2 |   111 ||   113
Block: Shield            |       |   138 ||   138
